 Dungeon Sprint DCSS version 0.30-a0-1103-g25895a7845 (webtiles) character file.

Game seed: 13976361824542864237

1453 sircluck the Severer (level 8, -1/83 HPs)
             Began as a Hill Orc Monk on Apr 18, 2023.
             Was an Elder of Beogh.
             Slain by a sun demon (6 damage)
             ... summoned by a kobold demonologist
             ... in the Dungeon (Sprint IX: "|||||||||||||||||||||||||||||").
             The game lasted 00:04:01 (579 turns).

sircluck the Severer (Hill Orc Monk)                 Turns: 579, Time: 00:04:02

Health: -1/83      AC: 10    Str: 19    XL:     8   Next: 75%
Magic:  8/8        EV: 15    Int: 10    God:    Beogh [****..]
Gold:   0          SH:  0    Dex: 16    Spells: 7/7 levels left

rFire   . . .      SeeInvis .    u - +3 war axe (freeze)
rCold   . . .      Faith    .    d - orb {light}
rNeg    . . .      Spirit   .    p - +2 ring mail
rPois   .          Reflect  .    (no helmet)
rElec   .          Rampage  .    (no cloak)
rCorr   .          NoTele   +    n - +0 pair of gloves
Will    .....                    o - +0 pair of boots
Stlth   +                        (no amulet)
HPRegen 0.33/turn                q - +3 ring of dexterity
MPRegen 0.11/turn                r - +3 ring of strength

@: spiked, on berserk cooldown, slowed, glowing, very slow
A: no striking features
a: Renounce Religion, Smiting, Recall Orcish Followers


You were in the Dungeon.
You worshipped Beogh.
Beogh was greatly pleased with you.
You visited 1 branch

Inventory:

Hand Weapons
 a - a +0 hand axe
 s - the +2 halberd "Earthworm" {freeze, +Blink rCorr Int-5 Dex+4}
   (You found it in the Dungeon)

   Int:       It affects your intelligence (-5).
   Dex:       It affects your dexterity (+4).
   +Blink:    It lets you blink.
   rCorr:     It protects you from acid and corrosion.
 t - a +2 heavy morningstar
 u - a +3 war axe of freezing (weapon)
Armour
 b - a +0 robe
 d - an orb of light (worn)
 n - a +0 pair of gloves (worn)
 o - a +0 pair of boots (worn)
 p - a +2 ring mail (worn)
Jewellery
 q - a +3 ring of dexterity (left hand)
 r - a +3 ring of strength (right hand)
Wands
 m - a wand of light (7)
Scrolls
 j - a scroll of blinking
 l - 2 scrolls of amnesia
Potions
 c - a potion of ambrosia
 e - 2 potions of curing
 f - a potion of invisibility
 g - a potion of haste
 h - 4 potions of magic


   Skills:
 + Level 11.9 Fighting
 + Level 16.4 Axes
 + Level 5.2 Armour
 + Level 8.3 Dodging


You had 7 spell levels left.
You didn't know any spells.
Your spell library was empty.

Dungeon Overview and Level Annotations

Branches:
Dungeon (1/1)

Altars:
Cheibriados
Dithmenos
Elyvilon
Fedhas
Gozag
Hepliaklqana
Kikubaaqudgha
Makhleb
Nemelex Xobeh
Okawaru
Qazlal
Ru
Sif Muna
Trog
Uskayaw
Vehumet
Wu Jian
Xom
Yredelemnul
Zin
The Shining One
Beogh
Jiyva
Lugonu


Message History

The manticore flicks its tail.
The volley of spikes hits you!!
The barbed spikes become lodged in your body.
* * * LOW HITPOINT WARNING * * *
The kobold demonologist casts a spell.
Aiming: Bolt of Light
Press: ? - help, Q - select action, (/) - cycle Shift-Dir - straight line, f/p - manticore
Aim: a manticore (moderately wounded, blind, haloed, 88% to hit)
The bolt of light hits the manticore!
The manticore is heavily wounded.
You are no longer corroded.
The manticore flicks its tail.
The volley of spikes misses you.
A red film seems to cover your vision as you go berserk!
You feel yourself moving faster!
You feel mighty!
The manticore flicks its tail.
The volley of spikes hits you.
The barbed spikes become lodged in your body.
* * * LOW HITPOINT WARNING * * *
The barbs in your skin will harm you if you move.
Continue?
Okay, then.
You feel a strong urge to attack something.
The barbs in your skin will harm you if you move.
Continue?
The barbed spikes dig painfully into your body as you move.
* * * LOW HITPOINT WARNING * * *
The manticore flicks its tail.
The volley of spikes hits you but does no damage.
The barbed spikes dig painfully into your body as you move.
* * * LOW HITPOINT WARNING * * *
You feel your anger nearly subside.
You are no longer berserk.
You are exhausted.
You feel yourself slow down.
The kobold demonologist mumbles some strange words.
The manticore closely misses you. The manticore barely misses you.
The manticore closely misses you.
You slice the manticore!! You freeze the manticore!
You kill the manticore!
Beogh accepts your kill. The sun demon hits you.
You die... ▓▓▓▓▓▓▓▓▓▓▓▓▓▓▓▓▓▓▓▓▓▓▓▓▓▓▓▓▓ +.WeK.W3.eK3@.)......)..'____ ▓▓▓▓▓▓▓▓▓▓▓▓▓▓▓▓▓▓▓▓▓▓▓▓▓▓▓▓▓

You could see a sun demon (summoned), a deep elf pyromancer, a kobold demonologist, a ynoxinul (summoned) and a wraith.

Vanquished Creatures
  2 manticores (D)
  A gargoyle (D)
  An unseen horror (D)
  An acid dragon (D)
  2 orc warriors (D)
  A kobold brigand (D)
  A killer bee (D)
  2 hounds (D)
  An iguana (D)
  A gnoll (D)
  A dart slug (D)
  A kobold (D)
  A quokka (D)
  A bat (D)
  2 rats (D)
19 creatures vanquished.

Notes
Turn   | Place    | Note
-------+----------+-------------------------------------------
     0 | D        | sircluck the Hill Orc Monk began the quest for the Orb.
     0 | D        | Reached XP level 1. HP: 19/19 MP: 1/1
    90 | D        | Noticed a hound
    90 | D        | Noticed a hound
    90 | D        | Noticed an iguana
    95 | D        | Reached skill level 5 in Axes
    95 | D        | Reached XP level 2. HP: 22/28 MP: 2/2
   101 | D        | Reached skill level 5 in Fighting
   101 | D        | Reached skill level 6 in Axes
   101 | D        | Reached XP level 3. HP: 6/36 MP: 3/3
   104 | D        | Reached skill level 7 in Axes
   104 | D        | Reached XP level 4. HP: 41/44 MP: 4/4
   108 | D        | Reached skill level 8 in Axes
   191 | D        | Found a roughly hewn altar of Beogh.
   191 | D        | Found a snail-covered altar of Cheibriados.
   191 | D        | Found a shadowy altar of Dithmenos.
   191 | D        | Found a white marble altar of Elyvilon.
   191 | D        | Found a blossoming altar of Fedhas.
   191 | D        | Found an opulent altar of Gozag.
   192 | D        | Found a hazy altar of Hepliaklqana.
   193 | D        | Found a viscous altar of Jiyva.
   194 | D        | Became a worshipper of Beogh the Brigand
   194 | D        | Reached * piety under Beogh
   194 | D        | Reached ** piety under Beogh
   195 | D        | Found an ancient bone altar of Kikubaaqudgha.
   196 | D        | Found a corrupted altar of Lugonu.
   197 | D        | Found a burning altar of Makhleb.
   198 | D        | Found a sparkling altar of Nemelex Xobeh.
   199 | D        | Found an iron altar of Okawaru.
   200 | D        | Found a stormy altar of Qazlal.
   201 | D        | Found a sacrificial altar of Ru.
   202 | D        | Found a shimmering blue altar of Sif Muna.
   203 | D        | Found a bloodstained altar of Trog.
   204 | D        | Found a hide-covered altar of Uskayaw.
   205 | D        | Found a radiant altar of Vehumet.
   206 | D        | Found an ornate altar of the Wu Jian Council.
   207 | D        | Found a shimmering altar of Xom.
   208 | D        | Found a basalt altar of Yredelemnul.
   209 | D        | Found a glowing silver altar of Zin.
   210 | D        | Found a glowing golden altar of the Shining One.
   243 | D        | Got the +2 halberd "Earthworm" {freeze, +Blink rCorr Int-5
                  | Dex+4}
   273 | D        | Noticed a gargoyle
   273 | D        | Noticed a kobold brigand
   273 | D        | Noticed an orc warrior
   273 | D        | Noticed an orc warrior
   273 | D        | Noticed an unseen horror
   276 | D        | Reached skill level 9 in Axes
   276 | D        | Reached skill level 5 in Dodging
   276 | D        | Reached XP level 5. HP: 45/52 MP: 5/5
   282 | D        | Killed an unseen horror
   283 | D        | Reached skill level 12 in Axes
   283 | D        | Reached XP level 6. HP: 30/64 MP: 6/6
   290 | D        | Killed an orc warrior
   291 | D        | Reached skill level 13 in Axes
   291 | D        | Reached XP level 7. HP: 20/71 MP: 7/7
   295 | D        | Reached *** piety under Beogh
   296 | D        | Reached skill level 10 in Fighting
   297 | D        | HP: 3/72 [kobold brigand/+0 short sword (8)]
   303 | D        | Reached skill level 14 in Axes
   355 | D        | Killed a gargoyle
   356 | D        | Reached skill level 15 in Axes
   356 | D        | Reached XP level 8. HP: 18/82 MP: 8/8
   553 | D        | Noticed a wraith
   553 | D        | Noticed a deep elf pyromancer
   553 | D        | Noticed a kobold demonologist
   553 | D        | Noticed a manticore
   553 | D        | Noticed a manticore
   558 | D        | Killed a manticore
   559 | D        | Reached skill level 16 in Axes
   563 | D        | Reached **** piety under Beogh
   564 | D        | Reached skill level 5 in Armour
   574 | D        | Noticed a sun demon
   579 | D        | Noticed a ynoxinul
   579 | D        | Killed a manticore
   579 | D        | Slain by a sun demon

Illustrated notes

Levels and vault maps discovered:
D:        linesprint [early_d, line_temple, items_1, d_10, items_2, lair_1,
          lair_end, items_3, orc_1, orc_end, items_4, d_15, swamp_1, shoals_1,
          snake_1, spider_1, d_20, vaults_1, items_5, swamp_end, shoals_end,
          snake_end, spider_end, vaults_end, d_27, items_6, zot_1, zot_end,
          crypt_end, forest_end, elf_end, slime_end, tomb_end, abyss_end,
          pan_hell_end]

Skill      XL: |  1  2  3  4  5  6  7  8 |
---------------+-------------------------+-----
Fighting       | 4 5 6 7 9 11 | 11.9
Axes           | 5 6 7 9 12 13 15 16 | 16.4
Dodging        | 3 4 5 6 7 8 |  8.3
Armour         | 2 4 5 |  5.2

Action                     |  1- 3 |  4- 6 |  7- 9 || total
---------------------------+-------+-------+-------++-------
  Melee: Hand axe          |    35 |    10 |       ||    45
         War axe           |       |    17 |    28 ||    45
  Evoke: Wand              |       |       |     3 ||     3
    Use: Potion            |     1 |       |     6 ||     7
         Scroll            |       |       |     1 ||     1
 Armour: Robe              |     7 |     1 |       ||     8
         Ring mail         |       |     4 |     4 ||     8
  Dodge: Dodged            |    14 |    12 |    22 ||    48

Table legend: (Time is in decaauts)
 A = Elapsed time spent in this place.
 B = Non-inter-level travel time spent in this place.
 C = Inter-level travel time spent in this place.
 D = Time resting spent in this place.
 E = Time spent auto-exploring this place.
 F = Levels seen in this place.
 G = Mean time per level.
                   A        B        C        D        E       F      G
               +--------+--------+--------+--------+--------+-----+--------+
         Total |    570 |    570 |      0 |    208 |      0 |   1 |  570.0 |
       Dungeon |    570 |    570 |      0 |    208 |      0 |   1 |  570.0 |
               +--------+--------+--------+--------+--------+-----+--------+

Top non-repeatable levels by time:
       D: 570 daAuts
